 Dungeon Crawl Stone Soup version 0.27-a0-279-gdfb9265905 (webtiles) character file.

Game seed: 6786578894605686691

9290 Fenrir042 the Destroyer (level 11, -5/69 HPs)
             Began as a Demonspawn Conjurer on Feb 7, 2021.
             Was a High Priest of Vehumet.
             Killed by divine providence
             ... invoked by a smoke demon
              (10 damage)
             ... on level 2 of the Abyss.
             The game lasted 01:12:14 (14011 turns).

Fenrir042 the Destroyer (Demonspawn Conjurer)      Turns: 14011, Time: 01:12:15

Health: -5/69      AC:  8    Str: 13    XL:     11   Next: 21%
Magic:  24/24      EV: 29    Int: 23    God:    Vehumet [*****.]
Gold:   850        SH:  0    Dex: 12    Spells: 14/29 levels left

rFire    . . .     SeeInvis .   u - +2 flail (protect)
rCold    . . .     Faith    .   (no shield)
rNeg     + . .     Spirit   .   y - +1 robe {rN+}
rPois    +         Reflect  .   k - +0 helmet
rElec    .         Harm     .   d - +0 cloak
rCorr    .         Rampage  .   (no gloves)
Will     .....                  i - +0 pair of boots
Stlth    ++........             h - amulet of the acrobat
HPRegen  0.21/turn              o - ring of poison resistance
MPRegen  0.19/turn              p - +6 ring of strength

@: about to teleport, acrobat
A: claws 2, iridescent scales 1, demonic guardian 3, powered by pain 1
a: Renounce Religion


You were on level 2 of the Abyss.
You worshipped Vehumet.
Vehumet was extremely pleased with you.
You visited 3 branches of the dungeon, and saw 12 of its levels.
You visited the Abyss 1 time.
You also visited: Ossuary.

You collected 850 gold pieces.

Inventory:

Hand Weapons
 m - a +0 dagger
 r - a +0 whip
 u - a +2 flail of protection (weapon)
 K - a +0 vorpal flail
Armour
 a - a +0 cloak
 d - a +0 cloak (worn)
 i - a +0 pair of boots (worn)
 k - a +0 helmet (worn)
 x - a +1 leather armour of poison resistance
 y - a +1 robe of positive energy (worn)
Jewellery
 h - an amulet of the acrobat (around neck)
 o - a ring of poison resistance (left claw)
 p - a +6 ring of strength (right claw)
 L - an uncursed ring of ice
Wands
 s - a wand of polymorph (5)
Scrolls
 c - 9 scrolls of teleportation
 f - 5 scrolls of enchant armour {unknown}
 g - 6 scrolls of magic mapping {unknown}
 j - a scroll of blinking {unknown}
 n - 3 scrolls of remove curse {unknown}
 q - 2 scrolls of amnesia {unknown}
 t - 2 scrolls of fear {unknown}
 v - 4 scrolls of fog {unknown}
 w - a scroll of noise {unknown}
 C - a scroll of enchant weapon {unknown}
 D - 3 scrolls of brand weapon {unknown}
 E - a scroll of acquirement {unknown}
 I - 3 scrolls of holy word {unknown}
 M - a scroll of identify
Potions
 b - a potion of resistance {unknown}
 e - 2 potions of brilliance
 l - 3 potions of lignification
 z - a potion of ambrosia
 A - 2 potions of mutation {unknown}
 B - 4 potions of curing
 F - 2 potions of might {unknown}
 G - 2 potions of degeneration {unknown}
 H - 2 potions of berserk rage
 J - 2 potions of haste {unknown}


   Skills:
 - Level 0.6 Fighting
 - Level 0.1 Short Blades
 + Level 5.3 Dodging
 - Level 1.7 Stealth
 - Level 0.1 Unarmed Combat
 + Level 9.5 Spellcasting
 + Level 11.2 Conjurations
 - Level 2.1 Translocations
 - Level 2.0 Fire Magic
 - Level 6.1 Air Magic
 - Level 1.0 Earth Magic
 - Level 1.1 Poison Magic


You had 14 spell levels left.
You knew the following spells:

 Your Spells              Type           Power        Failure   Level
a - Magic Dart            Conj           100%         1%          1
b - Searing Ray           Conj           100%         1%          2
c - Mephitic Cloud        Conj/Pois/Air  39%          1%          3
d - Iskenderun's Mystic   Conj/Tloc      41%          1%          4
e - Bolt of Magma         Conj/Fire/Erth 16%          7%          5

Your spell library contained the following spells:

 Spells                   Type           Power        Failure   Level
 Iron Shot                Conj/Erth      19%          19%         6
 Conjure Flame            Conj/Fire      41%          1%          3
 Dazzling Flash           Conj/Hex       72%          1%          3
 Fulminant Prism          Conj/Hex       18%          1%          4
 Blink                    Tloc           N/A          3%          2
 Beastly Appendage        Tmut           20%          6%          1
 Call Imp                 Summ           10%          9%          2
 Slow                     Hex            10%          9%          2
 Wereblood                Tmut           10%          9%          2
 Spider Form              Tmut/Pois      6%           14%         3
 Ice Form                 Ice/Tmut       10%          52%         4
 Blade Hands              Tmut           5%           86%         5


Dungeon Overview and Level Annotations

Branches:
Dungeon (10/15)            Temple (1/1) D:5            Lair (0/6) D:9
    Orc (1/2) D:10        Ossuary (visited)

Altars:
Ashenzari
Cheibriados
Dithmenos
Elyvilon
Fedhas
Gozag
Hepliaklqana
Kikubaaqudgha
Makhleb
Nemelex Xobeh
Okawaru
Qazlal
Ru
Sif Muna
Trog
Uskayaw
Vehumet
Wu Jian
Xom
Yredelemnul
Zin
The Shining One

Annotations:
Orc:1 Erolcha


Innate Abilities, Weirdness & Mutations

You have very sharp fingernails.
You are partially covered in iridescent scales. (AC +2)
A powerful demonic guardian rushes to your aid.
You sometimes gain a little power by taking damage.


Message History

The starcursed mass closely misses your sixfirhy.
The red devil closely misses your sixfirhy.
The smoke demon misses your sixfirhy.
The smoke demon closely misses your sixfirhy.
The smoke demon barely misses your sixfirhy.
Something misses your sixfirhy.
Your sixfirhy barely misses the smoke demon.
Your sixfirhy hits the smoke demon!
Your sixfirhy shocks the smoke demon!
The red devil completely misses your sixfirhy.
The smoke demon closely misses your sixfirhy.
The smoke demon barely misses your sixfirhy.
The smoke demon completely misses your sixfirhy.
Your sixfirhy hits the smoke demon!
Your sixfirhy shocks the smoke demon!
An ancient zyme comes into view.
You feel yourself growing ill in the presence of the ancient zyme.
Something engulfs your sixfirhy!
A wretched star comes into view.
The smoke demon gestures at you. Something smites you!
You die...

#.. ....# #4
XX...§#
#.#X#...#
######4##.#.
###...#§#X..#.#
#..#..#3###...#
#§..#...## [ #
##.#.....#..#.
. #....@3##.###
#.. ##.#.#..*##
....##§#§§ #
#.# #..# ...
#.# .## ## .


You could see a wretched star (wandering), a smoke demon and a friendly sixfirhy
(summoned).

Vanquished Creatures
  Erica (D:10)
  2 oklob plants (D:9)
  A basilisk (D:9)
  A steam dragon (D:10)
  A water moccasin (D:10)
  Duvessa (D:6)
  A sky beast (D:2)
  An ice beast (D:6)
  10 orc warriors
  A necrophage (D:7)
  4 black bears
  7 ogres
  A centaur (D:6)
  2 phantoms
  5 elf zombies
  2 big kobolds
  5 bullfrogs
  6 elf skeletons (D:8)
  5 scorpions
  Dowan (D:6)
  10 killer bees (D:8)
  11 wights
  8 howler monkeys
  4 electric eels (D:10)
  5 human zombies (D:7)
  5 jellies
  A quasit (D:8)
  11 orc priests
  7 hounds
  A centaur skeleton (D:7)
  A human skeleton (D:8)
  18 orc wizards
  8 worker ants
  An ogre zombie (D:7)
  An ogre skeleton (D:7)
  A hound skeleton (D:7)
  5 mummies
  Robin (D:1)
  10 adders
  10 gnolls
  3 shadow imps
  5 white imps
  7 oozes (D:2)
  An adder skeleton (D:5)
  A worm (D:5)
  3 dart slugs
  2 leopard geckos
  51 orcs
  2 ball pythons
  2 bats (D:1)
  6 giant cockroaches
  17 goblins
  10 hobgoblins
  16 jackals
  24 kobolds
  5 quokkas
  3 frilled lizards (D:2)
  A gnoll zombie (Ossuary)
  A goblin zombie (Ossuary)
  A hobgoblin zombie (Ossuary)
  A jackal zombie (D:8)
  A kobold zombie (Ossuary)
  An orc skeleton (D:8)
  7 rats
  2 rat zombies (Ossuary)
350 creatures vanquished.

Vanquished Creatures (collateral kills)
  An elf zombie (Ossuary)
  A human zombie (Ossuary)
  An iguana (D:6)
  A big kobold zombie (Ossuary)
  An orc zombie (Ossuary)
5 creatures vanquished.

Vanquished Creatures (others)
  4 fungi (D:2)
  6 toadstools (D:2)
10 creatures vanquished.

Grand Total: 365 creatures vanquished

Notes
Turn   | Place    | Note
-------+----------+-------------------------------------------
     0 | D:1      | Fenrir042 the Demonspawn Conjurer began the quest for the
                  | Orb.
     0 | D:1      | Reached XP level 1. HP: 13/13 MP: 3/3
   407 | D:1      | Gained mutation: You sometimes gain a little power by
                  | taking damage. [demonic ancestry]
   407 | D:1      | Reached XP level 2. HP: 19/19 MP: 3/5
  1200 | D:2      | Reached XP level 3. HP: 21/24 MP: 0/6
  1201 | D:2      | Noticed Robin
  1204 | D:2      | Learned a level 2 spell: Searing Ray
  1280 | D:1      | Killed Robin
  1640 | D:1      | Reached skill level 5 in Conjurations
  1640 | D:1      | Reached XP level 4. HP: 11/31 MP: 3/8
  1893 | D:2      | Noticed a sky beast
  1927 | D:2      | Killed a sky beast
  1928 | D:2      | Reached XP level 5. HP: 36/36 MP: 0/10
  2769 | D:2      | Gained mutation: You have sharp fingernails. [demonic
                  | ancestry]
  2769 | D:2      | Reached XP level 6. HP: 42/42 MP: 5/11
  3175 | D:3      | Found a sacrificial altar of Ru.
  3433 | D:3      | Learned a level 3 spell: Mephitic Cloud
  3759 | D:3      | Reached skill level 6 in Conjurations
  4030 | D:3      | Gained mutation: A weak demonic guardian rushes to your
                  | aid. [demonic ancestry]
  4030 | D:3      | Reached XP level 7. HP: 47/47 MP: 10/14
  4196 | D:3      | Reached skill level 1 in Air Magic
  4196 | D:3      | Reached skill level 1 in Poison Magic
  4746 | D:4      | Reached skill level 5 in Spellcasting
  4751 | D:4      | Learned a level 4 spell: Iskenderun's Mystic Blast
  4822 | D:4      | Found a broken altar of Ashenzari.
  5443 | D:5      | Entered Level 5 of the Dungeon
  5448 | D:5      | Found a staircase to the Ecumenical Temple.
  5461 | Temple   | Entered the Ecumenical Temple
  5559 | Temple   | Became a worshipper of Vehumet
  5778 | D:5      | Reached skill level 1 in Translocations
  6115 | D:5      | Reached skill level 7 in Conjurations
  6115 | D:5      | Gained mutation: You are partially covered in iridescent
                  | scales. (AC +2) [demonic ancestry]
  6115 | D:5      | Reached XP level 8. HP: 53/53 MP: 7/15
  7389 | D:6      | Reached skill level 8 in Conjurations
  7455 | D:6      | Reached * piety under Vehumet
  7455 | D:6      | Offered knowledge of Freeze by Vehumet.
  7545 | D:6      | Noticed Duvessa
  7545 | D:6      | Noticed Dowan
  7552 | D:6      | Killed Dowan
  7554 | D:6      | Killed Duvessa
  7713 | D:6      | Gained mutation: You have very sharp fingernails. [demonic
                  | ancestry]
  7713 | D:6      | Reached XP level 9. HP: 58/58 MP: 0/17
  8661 | D:7      | Found a bloodstained altar of Trog.
  8661 | D:7      | Found a blossoming altar of Fedhas.
  8707 | D:7      | Reached skill level 9 in Conjurations
  8823 | D:7      | Offered knowledge of Sandblast by Vehumet.
  8896 | D:7      | Reached ** piety under Vehumet
  9161 | D:7      | Found an ancient bone altar of Kikubaaqudgha.
  9569 | D:8      | Reached skill level 5 in Air Magic
  9892 | D:8      | Offered knowledge of Stone Arrow by Vehumet.
  9985 | D:8      | Gained mutation: A demonic guardian rushes to your aid.
                  | [demonic ancestry]
  9985 | D:8      | Reached XP level 10. HP: 49/64 MP: 3/21
  9986 | D:8      | Reached *** piety under Vehumet
 10005 | D:8      | Found a sand-covered staircase.
 10015 | Ossuary  | Entered an ossuary
 10478 | D:8      | Offered knowledge of Inner Flame by Vehumet.
 10479 | D:8      | Reached skill level 10 in Conjurations
 10782 | D:8      | Reached **** piety under Vehumet
 10852 | D:8      | Offered knowledge of Bolt of Magma by Vehumet.
 11029 | D:8      | Reached skill level 5 in Dodging
 11955 | D:9      | Learned a level 5 spell: Bolt of Magma
 12134 | D:9      | Found a stormy altar of Qazlal.
 12321 | D:9      | Found a shimmering blue altar of Sif Muna.
 12358 | D:9      | Found a staircase to the Lair.
 12400 | D:9      | Reached skill level 1 in Earth Magic
 12664 | D:9      | Found a blossoming altar of Fedhas.
 12667 | D:9      | Noticed an oklob plant
 12673 | D:9      | Killed an oklob plant
 12674 | D:9      | Reached skill level 1 in Fire Magic
 12751 | D:9      | Noticed an oklob plant
 12754 | D:9      | Killed an oklob plant
 12862 | D:9      | Found a snail-covered altar of Cheibriados.
 13004 | D:10     | Entered Level 10 of the Dungeon
 13048 | D:10     | Noticed Erica
 13054 | D:10     | Killed Erica
 13055 | D:10     | Gained mutation: A powerful demonic guardian rushes to your
                  | aid. [demonic ancestry]
 13055 | D:10     | Reached XP level 11. HP: 69/69 MP: 12/24
 13191 | D:10     | Found Jesuogu's Antique Weapon Shop.
 13210 | D:10     | Reached skill level 11 in Conjurations
 13539 | D:10     | Reached ***** piety under Vehumet
 13539 | D:10     | Offered knowledge of Iron Shot by Vehumet.
 13815 | D:10     | Found a staircase to the Orcish Mines.
 13832 | Orc:1    | Entered Level 1 of the Orcish Mines
 13885 | Orc:1    | Noticed Erolcha
 13895 | Orc:1    | Cast into level 2 of the Abyss (Erolcha)
 13950 | Abyss:2  | Noticed a starcursed mass
 13973 | Abyss:2  | Noticed a starcursed mass
 14004 | Abyss:2  | HP: 3/69 [smoke demon/divine providence (7)]
 14011 | Abyss:2  | Noticed a wretched star
 14011 | Abyss:2  | Killed from afar by a smoke demon

Illustrated notes

Levels and vault maps discovered:
D:1:      heliophobic_arrival_ceremonial_halls, layout_rooms,
          roderic_serpentine_path, minmay_tetromino_o4
D:2:      cheibrodos_fertilizer, layout_basic, uniq_robin
D:3:      layout_loops_ring, nicolae_overflow_crystal_walls,
          minmay_close_crescents
D:4:      layout_basic, cheibrodos_ashenzari_chains
D:5:      layout_gridville, minmay_temple_entry_statues_fountains,
          hangedman_abyss_or_decor_stagger
D:6:      layout_loops_cross, uniq_duvessa
D:7:      layout_rooms, lemuel_mausoleum_altar_kikubaaqudgha,
          old_standard_altar, overflow_temple_1_default
D:8:      layout_loops_corners, nicolae_ossuary_entry_catacombs
D:9:      kennysheep_orc_sif_temple, layout_cave_pools,
          nicolae_qazlal_style_of_elements, kennysheep_mini, dpeg_oklobed_lair,
          hangedman_tree_tricks, kennysheep_potato
D:10:     layout_roguey, erik_orc_2, serial_shops, shop, uniq_erica
Temple:   eino_temple_scatter_basement
Orc:1:    layout_diamond_mine, nicolae_volcano_entry_batcave, serial_shops,
          shop, nicolae_orc_stony_grotto, uniq_sonja, uniq_maurice, uniq_erolcha
Abyss:2:  base: Lair:1, serial_sigils_hangedman_quiver

Skill      XL: |  1  2  3  4  5  6  7  8  9 10 11 |
---------------+----------------------------------+-----
Dodging        | 2 3 4 5 |  5.3
Conjurations   | 5 6 7 8 9 10 11 | 11.2
Spellcasting   | 3 4 5 7 9 |  9.5
Air Magic      | 2 3 5 6 |  6.1
Poison Magic   | 1 |  1.1
Translocations | 1 2 |  2.1
Earth Magic    | 1 |  1.0
Fire Magic     | 2 |  2.0
Fighting       | |  0.6
Short Blades   | |  0.1
Stealth        | |  1.7
Unarmed Combat | |  0.1

Action                   |  1- 3 |  4- 6 |  7- 9 | 10-12 || total
-------------------------+-------+-------+-------+-------++-------
Melee: Unarmed           |    25 |       |       |       ||    25
       Dagger            |       |    19 |    10 |       ||    29
       Flail             |       |       |     6 |    60 ||    66
 Cast: Magic Dart        |    55 |    83 |   136 |   104 ||   378
       Searing Ray       |     6 |    15 |    83 |    38 ||   142
       Mephitic Cloud    |       |       |     2 |    11 ||    13
       Iskenderun's Myst |       |       |     2 |    26 ||    28
       Bolt of Magma     |       |       |       |    26 ||    26
  Use: Potion            |     1 |       |       |       ||     1
       Scroll            |       |       |     4 |     6 ||    10
 Stab: Distracted        |       |       |       |     1 ||     1
       Sleeping          |       |       |       |     1 ||     1
Armor: Robe              |    17 |       |    18 |    36 ||    71
       Animal skin       |     5 |    14 |     7 |       ||    26
Dodge: Dodged            |    69 |    31 |   106 |   121 ||   327

Table legend: (Time is in decaauts)
 A = Elapsed time spent in this place.
 B = Non-inter-level travel time spent in this place.
 C = Inter-level travel time spent in this place.
 D = Time resting spent in this place.
 E = Time spent auto-exploring this place.
 F = Levels seen in this place.
 G = Mean time per level.
                   A        B        C        D        E       F      G
               +--------+--------+--------+--------+--------+-----+--------+
         Total |  14047 |  13620 |    427 |   1527 |   9705 |  14 | 1003.4 |
       Dungeon |  13251 |  12850 |    401 |   1427 |   9241 |  10 | 1325.1 |
        Temple |    213 |    187 |     26 |      0 |    175 |   1 |  213.0 |
  Orcish Mines |     66 |     66 |      0 |      0 |     36 |   1 |   66.0 |
         Abyss |    116 |    116 |      0 |      0 |     62 |   1 |  116.0 |
       Ossuary |    399 |    399 |      0 |    100 |    191 |   1 |  399.0 |
               +--------+--------+--------+--------+--------+-----+--------+

Top non-repeatable levels by time:
     D:8: 2058 daAuts
     D:1: 1662 daAuts
     D:6: 1519 daAuts
     D:3: 1475 daAuts
     D:2: 1346 daAuts
     D:9: 1156 daAuts
     D:5: 1121 daAuts
     D:7: 1114 daAuts
     D:4: 961 daAuts
    D:10: 837 daAuts
 Ossuary: 399 daAuts
  Temple: 213 daAuts
 Abyss:2: 116 daAuts
   Orc:1: 66 daAuts
